 Dungeon Crawl Stone Soup version 0.19.4-9-g45fd643 (webtiles) character file.

120 LORDOFBUTT the Ducker (level 4, 0/23 HPs)
             Began as a Spriggan Monk on Feb 17, 2017.
             Killed from afar by an orc wizard (6 damage)
             ... with a magic dart
             ... on level 3 of the Dungeon.
             The game lasted 00:02:06 (2012 turns).

LORDOFBUTT the Ducker (Spriggan Monk)               Turns: 2012, Time: 00:02:06

Health: 0/23       AC:  2    Str:  8    XL:     4   Next: 75%
Magic:  5/5        EV: 21    Int: 11    God:
Gold:   100        SH:  0    Dex: 18    Spells: 0 memorised, 3 levels left

rFire  . . .     SeeInvis +     a - +0 short sword
rCold  . . .     Gourm    .     b - +0 robe
rNeg   . . .     Faith    .     (shield restricted)
rPois  .         Spirit   .     (helmet restricted)
rElec  .         Reflect  .     (no cloak)
rCorr  .         Harm     .     (gloves unavailable)
MR     .....                    (boots unavailable)
Stlth  +++.......               (no amulet)
                                (no ring)
                                (no ring)

@: very quick
A: unfitting armour, see invisible, herbivore 3, speed 3, slow metabolism 2
a: no special abilities


You were on level 3 of the Dungeon.
You were not hungry.

You visited 1 branch of the dungeon, and saw 3 of its levels.

You collected 100 gold pieces.

Inventory:

Hand Weapons
 a - a +0 short sword (weapon)
Armour
 b - a +0 robe (worn)
Jewellery
 h - an uncursed ring of see invisible {unknown}
Scrolls
 d - 5 scrolls of remove curse {unknown}
 e - 2 scrolls of random uselessness {unknown}
 f - 2 scrolls of identify {unknown}
 g - 2 scrolls of noise {unknown}
 j - a scroll of immolation {unknown}
 k - a scroll of teleportation {unknown}
Potions
 i - a potion of flight {unknown}
Comestibles
 c - 2 bread rations


   Skills:
 - Level 2.4 Fighting
 * Level 4.8 Short Blades
 + Level 5.7 Dodging
 + Level 4.5 Stealth


You had 3 spell levels left.
You didn't know any spells.

Dungeon Overview and Level Annotations

Branches:
Dungeon (3/15)

Altars:
Vehumet


Innate Abilities, Weirdness & Mutations

You are very small and have problems with some larger weapons.
You are too small for most types of armour.
You have supernaturally acute eyesight. (SInv)
You are a herbivore.
You cover ground extremely quickly.
You need consume almost no food.


Message History

The orc wizard is lightly wounded.
The orc wizard closely misses you.
You hit the orc wizard.
The orc wizard is moderately wounded.
The orc wizard gestures wildly while chanting.
The orc wizard blinks!
You hit the orc wizard.
The orc wizard is heavily wounded.
The orc wizard casts a spell at you. The magic dart hits you!
* * * LOW HITPOINT WARNING * * *
The orc wizard barely misses you.
You are too injured to fight recklessly!
You are too injured to fight recklessly!
The orc wizard casts a spell.
The orc wizard blinks!
The orc wizard misses you. The orc wizard casts a spell at you.
The magic dart hits you!
You die...

#### ##### ######...###
#...####### ......
#...####.........#
....###.........#####.#
#..#...........####.###
#.####...#.#####...........
#.............##.#.####.###
#..####..........#.####.# #
#.##@##.####......#
#....##.# #..#####
####.#..##.####..#######
.........o...#...........
..#...#..>..S...o....####
#.###.###..#....#### #. #>#
#..o.###.# #. #.# #.##.#
#.# # #.# #.##.# #ยง#


You could see an orc wizard.

Vanquished Creatures
  Ijyb (D:2)
  Terence (D:2)
  2 adders
  A dart slug (D:1)
  An orc (D:3)
  7 bats
  3 giant cockroaches
  5 goblins
  5 hobgoblins
  15 kobolds
  4 frilled lizards
  3 rats
48 creatures vanquished.

Notes
Turn   | Place    | Note
-------+----------+-------------------------------------------
     0 | D:1      | LORDOFBUTT the Spriggan Monk began the quest for the Orb.
     0 | D:1      | Reached XP level 1. HP: 11/11 MP: 2/2
   327 | D:1      | Reached XP level 2. HP: 16/16 MP: 3/3
   627 | D:2      | Noticed Terence
   639 | D:2      | Killed Terence
   639 | D:2      | Reached skill level 5 in Dodging
   639 | D:2      | Reached XP level 3. HP: 11/19 MP: 4/4
   840 | D:2      | Noticed Ijyb
   860 | D:2      | Killed Ijyb
   860 | D:2      | Reached XP level 4. HP: 7/23 MP: 5/5
  1259 | D:2      | Found a faded altar of an unknown god.
  1287 | D:2      | Found a faded altar of an unknown god.
  1287 | D:2      | Found a faded altar of an unknown god.
  1292 | D:2      | Found a radiant altar of Vehumet.
  1294 | D:2      | Found a faded altar of an unknown god.
  1296 | D:2      | Found a faded altar of an unknown god.
  2012 | D:3      | Killed from afar by an orc wizard

Skill      XL: |  1  2  3 |
---------------+----------+-----
Short Blades   | 4 |  4.8
Dodging        | 5 |  5.7
Stealth        | 4 |  4.5
Fighting       | |  2.4

Action                   |  1- 3 |  4- 6 || total
-------------------------+-------+-------++-------
Melee: Short sword       |    77 |   105 ||   182
  Use: Potion            |     2 |       ||     2
 Stab: Sleeping          |     9 |     3 ||    12
Armor: Robe              |     6 |    10 ||    16
Dodge: Dodged            |    52 |    84 ||   136
